 Seeded DCSS version 0.30-a0-956-gcec3b41aec (webtiles) character file.

Game seed: 20230327 (custom seed)

98 GigaChad the Covered (level 4, -11/40 HPs)
             Began as a Minotaur Fighter on Mar 29, 2023.
             Mangled by Pikel
             ... wielding a +0 whip of electrocution
              (16 damage)
             ... on level 4 of the Dungeon.
             The game lasted 00:03:12 (2263 turns).

GigaChad the Covered (Minotaur Fighter)             Turns: 2263, Time: 00:03:13

Health: -11/40     AC: 27    Str: 23    XL:     4   Next: 44%
Magic:  3/3        EV:  7    Int:  5    God:
Gold:   122        SH:  4    Dex:  9    Spells: 3/3 levels left

rFire   . . .      SeeInvis .    a - +0 war axe
rCold   . . .      Faith    .    c - +0 buckler
rNeg    . . .      Spirit   .    v - +18 Lear's hauberk
rPois   .          Reflect  .    (helmet currently unavailable)
rElec   .          Rampage  .    (no cloak)
rCorr   .                        (gloves currently unavailable)
Will    .....                    (boots currently unavailable) Stlth
                                 (no amulet)
HPRegen 0.26/turn                (no ring)
MPRegen 0.08/turn                (no ring)

@: no status effects
A: horns 2, retaliatory headbutt
a: no special abilities


You were on level 4 of the Dungeon.
You visited 1 branch of the dungeon, and saw 4 of its levels.

You collected 122 gold pieces.

Inventory:

Hand Weapons
 a - a +0 war axe (weapon)
Armour
 b - a +0 scale mail
 c - a +0 buckler (worn)
 v - the +18 Lear's hauberk (worn)
   (You found it on level 4 of the Dungeon)
Jewellery
 j - a ring of fire
Scrolls
 f - 3 scrolls of identify {unknown}
 h - 3 scrolls of enchant armour {unknown}
 k - 2 scrolls of immolation {unknown}
 l - 2 scrolls of blinking {unknown}
 p - a scroll of fog {unknown}
 q - a scroll of magic mapping {unknown}
 r - 2 scrolls of poison {unknown}
 u - a scroll of torment {unknown}
 w - a scroll of amnesia {unknown}
Potions
 d - a potion of might
 e - 3 potions of curing {unknown}
 g - a potion of invisibility {unknown}
 i - 2 potions of degeneration {unknown}
 m - a potion of flight {unknown}
 n - 3 potions of brilliance {unknown}
 o - 2 potions of lignification {unknown}
 s - 2 potions of heal wounds {unknown}
 t - a potion of berserk rage {unknown}


   Skills:
 * Level 4.1 Fighting
 + Level 4.1 Axes
 + Level 4.5 Armour
 + Level 0.2 Dodging
 * Level 4.0 Shields


You had 3 spell levels left.
You didn't know any spells.
Your spell library contained the following spells:

 Spells                   Type           Power      Damage    Failure   Level
 Sting                    Tmut/Pois      0%         1d3       99%         1
 Poisonous Vapours        Pois/Air       0%         N/A       100%        2
 Olgreb's Toxic Radiance  Pois           0%         N/A       100%        4
 Borgnjor's Revivificati  Necr           0%         N/A       100%        8
 Necromutation            Tmut/Necr      0%         N/A       100%        8
 Death's Door             Necr           0%         N/A       100%        9


Dungeon Overview and Level Annotations

Branches:
Dungeon (4/15)
 Temple: D:4-7

Altars:
Elyvilon
Qazlal

Shops:
D:1 *=:*=

Portals:
Ossuary: D:4

Annotations:
D:4 Pikel


Innate Abilities, Weirdness & Mutations

You have a pair of horns on your head.
You reflexively headbutt those who attack you in melee.


Message History

The lemure hits you but does no damage.
There are monsters nearby!
You closely miss the lemure. Your headbutt misses the lemure.
The lemure is severely wounded.
You closely miss the lemure.
The lemure hits you but does no damage. x2
There are monsters nearby!
You barely miss Pikel. You headbutt Pikel.
Pikel is lightly wounded.
You hit the lemure but do no damage. Pikel hits you but does no damage.
The lemure hits you but does no damage.
There are monsters nearby!
You slash Pikel!
Pikel is moderately wounded.
You hit the lemure.
Pikel hits you with a +0 whip of electrocution.
You block the lemure's attack. Pikel hits you but does no damage.
The lemure hits you but does no damage.
There are monsters nearby!
You hit the lemure. Your headbutt misses the lemure.
The lemure is severely wounded.
You barely miss Pikel. You closely miss the lemure. You barely miss the lemure.
The lemure barely misses you. Pikel hits you but does no damage.
The lemure barely misses you. The lemure hits you.
There are monsters nearby!
You barely miss the lemure. You headbutt the lemure.
You kill the lemure!
That felt strangely unrewarding.
You hit the lemure. x2
You closely miss Pikel.
Pikel hits you with a +0 whip of electrocution.
You are electrocuted!
The lemure hits you. The lemure hits you but does no damage.
Pikel hits you but does no damage. The lemure hits you but does no damage.
You barely miss Pikel.
Pikel is moderately wounded.
You barely miss the lemure. You miss the lemure.
Pikel hits you but does no damage.
You are electrocuted!
* * * LOW HITPOINT WARNING * * *
The lemure hits you but does no damage. x3; Pikel hits you but does no damage.
You are electrocuted!
You die...

#......#..#.#
######.#....#
#.##.######
.#########.#........
........##.#..######
#.........#
####.###[#>#.#####
###...####...#......
#E#@5.#E####.#######
###K5.### ..#
#..........# ###
#....._....#
##.........#
####...####
#E#...#E# ###...###


You could see an earth elemental, a water elemental, Pikel, a fire elemental, an
air elemental and 2 lemures.

Vanquished Creatures
  A lemure (D:4)
  A mummy (D:4)
  2 adders (D:3)
  A worm (D:2)
  A dart slug (D:1)
  4 ball pythons
  6 bats
  4 endoplasms
  4 giant cockroaches
  9 goblins
  6 hobgoblins
  2 jackals (D:2)
  A quokka (D:1)
  3 frilled lizards
  6 kobolds
  4 rats
55 creatures vanquished.

Notes
Turn   | Place    | Note
-------+----------+-------------------------------------------
     0 | D:1      | GigaChad the Minotaur Fighter began the quest for the Orb.
     0 | D:1      | Reached XP level 1. HP: 19/19 MP: 0/0
     4 | D:1      | Found Xoclunid's Book Emporium.
    29 | D:1      | Found Aqium's General Store.
    98 | D:1      | Found Wostryiz's General Store.
   155 | D:1      | Reached XP level 2. HP: 27/27 MP: 1/1
   170 | D:1      | Found a faded altar of an unknown god.
   240 | D:1      | Found Muif's Jewellery Shop.
   502 | D:1      | Found Uvvotic's Jewellery Boutique.
   520 | D:1      | Reached XP level 3. HP: 31/33 MP: 2/2
   931 | D:2      | Found a white marble altar of Elyvilon.
  1776 | D:3      | Reached XP level 4. HP: 40/40 MP: 3/3
  2041 | D:4      | Found the +18 Lear's hauberk
  2092 | D:4      | Found a sand-covered staircase.
  2252 | D:4      | Noticed a lemure
  2252 | D:4      | Noticed a lemure
  2253 | D:4      | Found a stormy altar of Qazlal.
  2253 | D:4      | Noticed an air elemental
  2254 | D:4      | Noticed a water elemental
  2254 | D:4      | Noticed a fire elemental
  2254 | D:4      | Noticed an earth elemental
  2254 | D:4      | Noticed Pikel
  2255 | D:4      | Noticed a lemure
  2261 | D:4      | Killed a lemure
  2263 | D:4      | Mangled by Pikel

Illustrated notes

Levels and vault maps discovered:
D:1:      doesnt_arrival_eight_statues, layout_basic, serial_shops,
          nicolae_shop_advertising_works [nicolae_subvault_shop_adworks], shop,
          nicolae_lakefront_shop, shop, shop,
          shapermc_ecumenical_altar_notcrosses
D:2:      minmay_spotlight, layout_basic, basic_altar
D:3:      layout_loops_cross, st_stairs_7
D:4:      layout_basic, nicolae_qazlal_style_of_elements,
          gup_ossuary_entry_pyramid, uniq_eustachio, uniq_natasha, uniq_pikel,
          uniq_duvessa

Skill      XL: |  1  2  3  4 |
---------------+-------------+-----
Armour         | 4 |  4.5
Fighting       | 4 |  4.1
Axes           | 3 4 |  4.1
Shields        | 4 |  4.0
Dodging        | |  0.2

Action                     |  1- 3 |  4- 6 || total
---------------------------+-------+-------++-------
  Melee: War axe           |    78 |    30 ||   108
         Headbutt          |     8 |     6 ||    14
 Armour: Scale mail        |    31 |     7 ||    38
         Chain mail        |       |    19 ||    19
  Dodge: Dodged            |    36 |     9 ||    45
  Block: Buckler           |    14 |     6 ||    20

Table legend: (Time is in decaauts)
 A = Elapsed time spent in this place.
 B = Non-inter-level travel time spent in this place.
 C = Inter-level travel time spent in this place.
 D = Time resting spent in this place.
 E = Time spent auto-exploring this place.
 F = Levels seen in this place.
 G = Mean time per level.
                   A        B        C        D        E       F      G
               +--------+--------+--------+--------+--------+-----+--------+
         Total |   2301 |   2274 |     27 |      0 |   1937 |   4 |  575.2 |
       Dungeon |   2301 |   2274 |     27 |      0 |   1937 |   4 |  575.2 |
               +--------+--------+--------+--------+--------+-----+--------+

Top non-repeatable levels by time:
     D:1: 827 daAuts
     D:2: 634 daAuts
     D:3: 611 daAuts
     D:4: 227 daAuts
